 Dungeon Crawl Stone Soup version 0.31.0-12-g77e489cdc1 (webtiles) character file.

Game seed: 4058733686549366119

9 Killerpretzel the Changeling (level 2, -6/18 HPs)
             Began as an Octopode Shapeshifter on Mar 5, 2024.
             Engulfed by a cloud of flame (24 damage)
             ... on level 1 of the Dungeon.
             The game lasted 00:00:20 (149 turns).

Killerpretzel the Changeling (Octopode Shapeshifter) Turns: 149, Time: 00:00:20

Health: -6/18      AC:  1    Str: 13    XL:     2   Next: 12%
Magic:  2/2        EV: 13    Int: 12    God:
Gold:   17         SH:  0    Dex: 11    Spells: 1/1 levels left

rFire   . .          .
                       - Unarmed
rCold   . . .        (no shield)
rNeg    . . .        (helmet currently unavailable)
rPois   .            (no amulet)
rElec   .            (no ring)
rCorr   .            (no ring)
SInv    .            (no ring)
Will    .....        (no ring)
Stlth   ++           (no ring)
HPRegen 0.23/turn    (no ring)
MPRegen 0.08/turn    (no ring)
                     (no ring)

%: no passive effects
@: beast-form
A: beast (slay +1), almost no armour, amphibious, 8 rings, camouflage 1,
gelatinous body 1, (nimble swimmer 1), tentacles
a: Begin Untransformation


You were on level 1 of the Dungeon.
You were a hulking beast.
You visited 1 branch of the dungeon, and saw 1 of its levels.

You collected 17 gold pieces.

Inventory:

Talismans
 b - a beast talisman
 c - a flux talisman
Scrolls
 d - a scroll of poison {unknown}
 e - a scroll of fog {unknown}
Potions
 a - a potion of lignification
 f - a potion of heal wounds {unknown}


   Skills:
 + Level 1.2 Fighting
 + Level 2.1 Dodging
 + Level 3.1 Unarmed Combat
 * Level 3.2 Shapeshifting


You had one spell level left.
You didn't know any spells.
Your spell library was empty.

Dungeon Overview and Level Annotations

Branches:
Dungeon (1/15)

Altars:


Innate Abilities, Weirdness & Mutations

You are a hulking beast.
Your limbs bulge with bestial killing power. (Slay +1)
You cannot wear most types of armour.
You are amphibious.
You can wear up to eight rings at the same time.
Your skin changes colour to match your surroundings (Stealth+).
Your rubbery body absorbs attacks. (AC +1, EV +1)
((You are camouflaged when in or above water. (Stealth+)))
You have tentacles for arms and can constrict up to eight enemies at once.


Message History

You now have 17 gold pieces (gained 9).
e - a scroll labelled GIEPRA JOTERONG No target in view!
No target in view!
No target in view!
No target in view!
No target in view!
No target in view!
No target in view!
No target in view!
No target in view!
No target in view!
f - a blue potion No target in view!
No target in view!
No target in view!
No target in view!
No target in view!
No target in view!
No target in view!
No target in view!
No target in view!
No target in view!
A ball python comes into view.
No reachable target in view!
No reachable target in view!
No reachable target in view!
No reachable target in view!
No reachable target in view!
No reachable target in view!
No reachable target in view!
No reachable target in view!
No reachable target in view!
No reachable target in view!
A ball python is nearby!
The ball python is engulfed in blazing flames.
The ball python dies!
You are engulfed in blazing flames.
Ouch! That really hurt!
You die...

#.#.#.###.#.#
. #.#.......#
# # #####...#
# ###.# # #.#
# #.# # ##.##
# #...# #
#○°h# #§§§#
#☼☼○# #..=#
.!... .)[$(.
§§...).§
####$..##


There were no monsters in sight!

Vanquished Creatures
  A dart slug (D:1)
  An endoplasm (D:1)
  A goblin (D:1)
  2 kobolds (D:1)
  A frilled lizard (D:1)
6 creatures vanquished.

Vanquished Creatures (others)
  A ball python (D:1)
  A hobgoblin (D:1)
2 creatures vanquished.

Grand Total: 8 creatures vanquished

Notes
Turn   | Place    | Note
-------+----------+-------------------------------------------
     0 | D:1      | Killerpretzel the Octopode Shapeshifter began the quest for
                  | the Orb.
     0 | D:1      | Reached XP level 1. HP: 13/13 MP: 1/1
    34 | D:1      | Reached XP level 2. HP: 18/18 MP: 2/2
    56 | D:1      | Found a faded altar of an unknown god.
   149 | D:1      | Engulfed by a cloud of flame

Illustrated notes

Levels and vault maps discovered:
D:1:      beargit_arrival_greenhouse, layout_loops_ring,
          shapermc_ecumenical_altar_gd, lemuel_flame_loot_1

Action                     || total
---------------------------++-------
  Melee: Unarmed           ||     8
         Tentacles         ||     3
         Constrict         ||     2
 Armour: Skin              ||     3
  Dodge: Dodged            ||     4
